 Dungeon Crawl Stone Soup version 0.30-a0-779-g7971cf19c3 (webtiles) character file.

Game seed: 1001745363489325373

222 testman the Stinger (level 5, -2/35 HPs)
             Began as a Demonspawn Venom Mage on Feb 17, 2023.
             Slain by a lemure (5 damage)
             ... led by Pikel
             ... on level 4 of the Dungeon.
             The game lasted 00:13:23 (2965 turns).

testman the Stinger (Demonspawn Venom Mage)         Turns: 2965, Time: 00:13:23

Health: -2/35      AC:  3    Str:  8    XL:     5   Next: 66%
Magic:  7/9        EV: 12    Int: 18    God:
Gold:   114        SH:  0    Dex: 14    Spells: 3/9 levels left

rFire   . . .      SeeInvis .    e - +0 short sword (freeze)
rCold   . . .      Faith    .    (no shield)
rNeg    . . .      Spirit   .    a - +0 robe
rPois   .          Reflect  .    (no helmet)
rElec   .          Harm     .    d - +0 cloak
rCorr   .          Rampage  .    (no gloves)
Will    .....                    (no boots)
Stlth   ++                       (no amulet)
HPRegen 0.25/turn                h - ring of wizardry
MPRegen 0.11/turn                (no ring)

@: no status effects
A: hooves 1, demonic guardian 1
a: no special abilities


You were on level 4 of the Dungeon.
You visited 1 branch of the dungeon, and saw 4 of its levels.

You collected 150 gold pieces.
You spent 36 gold pieces at shops.

Inventory:

Hand Weapons
 c - a +0 short sword
 e - a +0 short sword of freezing (weapon)
Missiles
 m - a throwing net
Armour
 a - a +0 robe (worn)
 d - a +0 cloak (worn)
Jewellery
 h - a ring of wizardry (left hand)
Scrolls
 k - a scroll of poison {unknown}
 l - a scroll of torment {unknown}
 o - a scroll of amnesia {unknown}
 p - a scroll of enchant armour {unknown}
Potions
 b - a potion of magic
 f - a potion of haste
 i - a potion of attraction
 j - a potion of resistance
 n - a potion of invisibility {unknown}


   Skills:
 - Level 1.7 Dodging
 - Level 1.7 Stealth
 + Level 2.8 Spellcasting
 + Level 2.9 Conjurations
 - Level 1.0 Transmutations
 - Level 3.0 Air Magic
 + Level 3.5 Poison Magic


You had 3 spell levels left.
You knew the following spells:

 Your Spells              Type           Power      Damage    Failure   Level
a - Sting                 Tmut/Pois      40%        1d5       2%          1
b - Poisonous Vapours     Pois/Air       28%        N/A       2%          2
c - Mephitic Cloud        Conj/Pois/Air  13%        N/A       6%          3

Your spell library contained the following spells:

 Spells                   Type           Power      Damage    Failure   Level
 Magic Dart               Conj           52%        1d5       1%          1
 Call Imp                 Summ           2%         N/A       11%         2
 Kindle Blastsparks       Fire/Tloc/Air  12%        2d11      13%         3
 Olgreb's Toxic Radiance  Pois           15%        N/A       16%         4
 Fulminant Prism          Conj/Hex       3%         3d5       32%         4
 Iskenderun's Mystic Bla  Conj/Tloc      7%         2d4       32%         4
 Lee's Rapid Deconstruct  Erth           1%         3d4*      86%         5


Dungeon Overview and Level Annotations

Branches:
Dungeon (4/15)
 Temple: D:4-7

Altars:

Shops:
D:1 ?   D:2 [

Annotations:
D:4 Pikel


Innate Abilities, Weirdness & Mutations

You have large cloven feet.
A weak demonic guardian rushes to your aid.


Message History

The lemure hits your ufetubus.
Your ufetubus dies!
Your ufetubus disappears in a puff of smoke!
The lemure shouts!
Your iron imp hits the lemure.
The lemure closely misses you. The lemure hits you but does no damage.
The lemure attacks as you move away! The lemure misses you.
The lemure hits your iron imp.
Your iron imp closely misses the lemure.
The lemure hits your iron imp.
Casting: Poisonous Vapours (safe; 2% risk of failure)
Confirm with . or Enter, or press ? or * to list all spells.
Aiming: Mephitic Cloud (dangerous; 6% risk of failure)
Press: ? - help, Shift-Dir - straight line, f - lemure
Aim: a lemure (heavily wounded, ally target, chance to affect: 77%)
Your demonic guardian avoids your attack.
The ball explodes into a vile cloud!
The stinking cloud engulfs the lemure but does no damage.
The lemure is heavily wounded.
Your demonic guardian avoids your attack.
The stinking cloud engulfs the lemure but does no damage.
The lemure is lightly wounded.
The stinking cloud engulfs the lemure but does no damage.
The lemure is engulfed in noxious fumes.
The lemure appears confused.
The lemure hits your iron imp.
The lemure is engulfed in noxious fumes.
The lemure hits you.
* * * LOW HITPOINT WARNING * * *
The lemure is engulfed in noxious fumes.
The lemure appears confused.
You closely miss the lemure. Your kick misses the lemure.
Your iron imp hits the lemure but does no damage.
The lemure is engulfed in noxious fumes.
The lemure appears confused.
The lemure closely misses the lemure.
The lemure is engulfed in noxious fumes.
The lemure appears confused.
The lemure hits your iron imp but does no damage.
The lemure is engulfed in noxious fumes.
The lemure appears confused.
The lemure hits you.
You die...

#### ###... #...# #..##
##.##K####...##### #...#
#................. #...#
#................. #...#
#..............<..
##'########K..####'####+##
#[...#..###5####.........#
#....#...#.55..#.........#
#....#...#.55@.#.........#
#....#..########.........###
##'###..#.........####.....#
#......'.........#..#.....#
#......#.........+..'.....#
#..#####.........#..#.....#
#..##..#.........#..#.....#
#......#.........#+##.....#
#......'..................#


You could see Pikel (poisoned), 4 lemures and a friendly iron imp (summoned).

Vanquished Creatures
  A scorpion (D:4)
  A hound (D:4)
  4 adders
  2 river rats (D:3)
  3 worms (D:3)
  A dart slug (D:3)
  3 orcs (D:3)
  6 bats
  6 endoplasms
  5 giant cockroaches
  3 hobgoblins
  2 jackals (D:3)
  5 kobolds
  3 quokkas
  6 ball pythons
  2 frilled lizards
  4 goblins
  11 rats
68 creatures vanquished.

Vanquished Creatures (others)
  7 demonic plants (D:3)
  3 fungi (D:3)
  5 plants (D:3)
15 creatures vanquished.

Grand Total: 83 creatures vanquished

Notes
Turn   | Place    | Note
-------+----------+-------------------------------------------
     0 | D:1      | testman the Demonspawn Venom Mage began the quest for the
                  | Orb.
     0 | D:1      | Reached XP level 1. HP: 13/13 MP: 3/3
    31 | D:1      | Reached skill level 1 in Transmutations
    98 | D:1      | Reached skill level 1 in Air Magic
   210 | D:1      | Gained mutation: You have large cloven feet. [demonic
                  | ancestry]
   210 | D:1      | Reached XP level 2. HP: 14/19 MP: 3/5
   213 | D:1      | Learned a level 2 spell: Poisonous Vapours
   583 | D:1      | Found Gosewn's Magic Scroll Shop.
   592 | D:1      | Bought a scroll of noise for 12 gold pieces
   981 | D:2      | Found Ituavesh's Armour Boutique.
  1098 | D:2      | Reached skill level 1 in Conjurations
  1203 | D:2      | Reached XP level 3. HP: 20/24 MP: 4/6
  1208 | D:2      | Learned a level 3 spell: Mephitic Cloud
  1473 | D:1      | Bought a scroll of identify for 24 gold pieces
  2018 | D:3      | Reached XP level 4. HP: 30/30 MP: 4/7
  2101 | D:3      | Found a faded altar of an unknown god.
  2701 | D:4      | Noticed a scorpion
  2708 | D:4      | Killed a scorpion
  2709 | D:4      | Gained mutation: A weak demonic guardian rushes to your
                  | aid. [demonic ancestry]
  2709 | D:4      | Reached XP level 5. HP: 35/35 MP: 1/8
  2939 | D:4      | Noticed Pikel
  2939 | D:4      | Noticed a lemure
  2939 | D:4      | Noticed a lemure
  2939 | D:4      | Noticed a lemure
  2941 | D:4      | Noticed a lemure
  2965 | D:4      | Slain by a lemure

Illustrated notes

Levels and vault maps discovered:
D:1:      kennysheep_arrival_forest, layout_loops_ring, serial_shops,
          nicolae_lakefront_shop
D:2:      layout_loops_cross, serial_shops, shop, minmay_cut_off
D:3:      layout_rooms, portal_sewer_entry_a, shapermc_ecumenical_altar_gd,
          st_stairs_2, glass_columns_a, kennysheep_cluttered_room
D:4:      layout_gridville, uniq_duvessa, uniq_pikel, uniq_eustachio

Skill      XL: |  1  2  3  4  5 |
---------------+----------------+-----
Transmutations | 1 |  1.0
Air Magic      | 1 2 3 |  3.0
Conjurations   | 1 2 |  2.9
Dodging        | |  1.7
Stealth        | |  1.7
Spellcasting   | |  2.8
Poison Magic   | |  3.5

Action                     |  1- 3 |  4- 6 || total
---------------------------+-------+-------++-------
  Melee: Short sword       |   100 |    65 ||   165
         Kick              |    20 |    12 ||    32
         Punch             |       |     2 ||     2
   Cast: Sting             |    30 |    20 ||    50
         Poisonous Vapours |     1 |     4 ||     5
         Mephitic Cloud    |       |     2 ||     2
    Use: Scroll            |     4 |       ||     4
         Potion            |       |     2 ||     2
   Stab: Sleeping          |     7 |     2 ||     9
 Armour: Robe              |    16 |    21 ||    37
  Dodge: Dodged            |    43 |    40 ||    83

Table legend: (Time is in decaauts)
 A = Elapsed time spent in this place.
 B = Non-inter-level travel time spent in this place.
 C = Inter-level travel time spent in this place.
 D = Time resting spent in this place.
 E = Time spent auto-exploring this place.
 F = Levels seen in this place.
 G = Mean time per level.
                   A        B        C        D        E       F      G
               +--------+--------+--------+--------+--------+-----+--------+
         Total |   2963 |   2728 |    235 |     61 |   2156 |   4 |  740.8 |
       Dungeon |   2963 |   2728 |    235 |     61 |   2156 |   4 |  740.8 |
               +--------+--------+--------+--------+--------+-----+--------+

Top non-repeatable levels by time:
     D:3: 1034 daAuts
     D:1: 871 daAuts
     D:2: 678 daAuts
     D:4: 379 daAuts
